 Dungeon Crawl Stone Soup version 0.31-a0-496-g6f97920a28 (webtiles) character file.

Game seed: 7410252521875489950

77 Crownlay the Digger (level 4, 0/27 HPs)
             Began as an Octopode Earth Elementalist on Aug 8, 2023.
             Slain by Crazy Yiuf
             ... wielding a +4 quarterstaff of chaos
              (10 damage)
             ... on level 2 of the Dungeon.
             The game lasted 00:04:05 (1956 turns).

Crownlay the Digger (Octopode Earth Elementalist)   Turns: 1956, Time: 00:04:06

Health: 0/27       AC:  1    Str:  7    XL:     4   Next: 33%
Magic:  7/17       EV: 13    Int: 19    God:
Gold:   205        SH:  0    Dex: 15    Spells: 5/9 levels left

rFire   + . .        j - +5 dagger of Imbalance {speed, Fragile rF+ rC+ MP+9 Dex+3}
rCold   + . .        (no shield)
rNeg    . . .        (helmet restricted)
rPois   .            e - amulet of the acrobat
rElec   .            (no ring)
rCorr   .            (no ring)
SInv    .            (no ring)
Will    .....        (no ring)
Stlth   +++          (no ring)
HPRegen 0.24/turn    (no ring)
MPRegen 0.15/turn    (no ring)
                     (no ring)

%: acrobat
@: very slightly contaminated
A: almost no armour, amphibious, 8 rings, camouflage 1, gelatinous body 1,
(nimble swimmer 1), tentacles
a: no special abilities


You were on level 2 of the Dungeon.
You visited 1 branch of the dungeon, and saw 2 of its levels.

You collected 205 gold pieces.

Inventory:

Hand Weapons
 j - the +5 dagger of Imbalance (weapon) {speed, Fragile rF+ rC+ MP+9 Dex+3}
   (You found it on level 2 of the Dungeon)

   Dex:       It affects your dexterity (+3).
   rF:        It protects you from fire.
   rC:        It protects you from cold.
   MP:        It affects your magic capacity (+9).
   Fragile:   It will be destroyed if unequipped.
Jewellery
 e - an amulet of the acrobat (around mantle)
 f - an amulet of faith
Talismans
 i - a flux talisman
Scrolls
 d - a scroll of revelation {unknown}
 g - 2 scrolls of vulnerability {unknown}
 h - a scroll of teleportation {unknown}
 m - a scroll of amnesia {unknown}
Potions
 a - a potion of magic
 b - 2 potions of haste {unknown}
 c - a potion of brilliance {unknown}
 k - 2 potions of mutation {unknown}
 l - a potion of heal wounds {unknown}
 n - a potion of curing {unknown}


   Skills:
 - Level 2.0 Dodging
 - Level 2.6 Stealth
 * Level 3.1 Spellcasting
 - Level 1.0 Transmutations
 * Level 4.1 Earth Magic
 - Level 0.4 Shapeshifting


You had 5 spell levels left.
You knew the following spells:

 Your Spells              Type           Power      Damage    Failure   Level
a - Sandblast             Erth           36%        2d10      2%          1
b - Stone Arrow           Conj/Erth      20%        3d8       19%         3

Your spell library contained the following spells:

 Spells                   Type           Power      Damage    Failure   Level
 Passwall                 Tmut/Erth      10%        N/A       8%          2
 Wereblood                Tmut           6%         N/A       16%         2
 Sublimation of Blood     Necr           3%         N/A       22%         2
 Petrify                  Tmut/Erth      12%        N/A       45%         4
 Summon Hydra             Summ           1%         N/A       100%        7


Dungeon Overview and Level Annotations

Branches:
Dungeon (2/15)

Altars:

Shops:
D:1 ?[=*

Annotations:
D:2 Crazy Yiuf


Innate Abilities, Weirdness & Mutations

You cannot wear most types of armour.
You are amphibious.
You can wear up to eight rings at the same time.
Your skin changes colour to match your surroundings (Stealth+).
Your rubbery body absorbs attacks. (AC +1, EV +1)
((You are camouflaged when in or above water. (Stealth+)))
You have tentacles for arms and can constrict up to eight enemies at once.


Message History

You can't see any susceptible monsters within range! (Use Z to cast anyway.)
You can't see any susceptible monsters within range! (Use Z to cast anyway.)
You open the door.
Casting: Sandblast (safe; 2% risk of failure)
Confirm with . or Enter, or press ? or * to list all spells.
Aiming: Stone Arrow (quite dangerous; 19% risk of failure)
Press: ? - help, Shift-Dir - straight line, f - Crazy Yiuf
Aim: Crazy Yiuf, wielding a +4 quarterstaff of chaos and wearing a +0 cloak of preservation (wandering, hasn't noticed you, 72% to hit)
You miscast Stone Arrow.
You are very lightly contaminated with residual magic.
Nothing appears to happen.
Crazy Yiuf shouts!
Crazy Yiuf whimpers, "Gnoll broken ladder!"
Casting: Stone Arrow (quite dangerous; 19% risk of failure)
Confirm with . or Enter, or press ? or * to list all spells.
Aiming: Stone Arrow (quite dangerous; 19% risk of failure)
Press: ? - help, Shift-Dir - straight line, f/p - Crazy Yiuf
Aim: Crazy Yiuf, wielding a +4 quarterstaff of chaos and wearing a +0 cloak of preservation (72% to hit)
The stone arrow misses Crazy Yiuf.
Press: ? - help, v - describe, . - travel
Here: Crazy Yiuf, wielding a +4 quarterstaff of chaos and wearing a +0 cloak of preservation The floor.
Casting: Stone Arrow (quite dangerous; 19% risk of failure)
Confirm with . or Enter, or press ? or * to list all spells.
Aiming: Stone Arrow (quite dangerous; 19% risk of failure)
Press: ? - help, Shift-Dir - straight line, f/p - Crazy Yiuf
Aim: Crazy Yiuf, wielding a +4 quarterstaff of chaos and wearing a +0 cloak of preservation (72% to hit)
The stone arrow hits Crazy Yiuf!
Crazy Yiuf is almost dead.
Casting: Stone Arrow (quite dangerous; 19% risk of failure)
Confirm with . or Enter, or press ? or * to list all spells.
Aiming: Sandblast (safe; 2% risk of failure)
Press: ? - help, Shift-Dir - straight line, f/p - Crazy Yiuf
Aim: Crazy Yiuf, wielding a +4 quarterstaff of chaos and wearing a +0 cloak of preservation (almost dead, 84% to hit)
The blast of sand hits Crazy Yiuf.
Crazy Yiuf is almost dead.
Crazy Yiuf hits you with a +4 quarterstaff of chaos!
Ouch! That really hurt!
Crazy Yiuf hits you with a +4 quarterstaff of chaos!
You die...

.............##.#.# #...........
................#.# #.....#.####
....[#..........#.# #.....#....#
.........########## ####..#.....
.....##..# #..#....# ##.......#
♣♣♣♣♣##..#....# ##...##.## ###
♣♣♣.♣...####....# .....#..#
#...#♣..♣......##....# .#...#..##
#...g@♣♣♣♣...........# .#.......#
#)..#♣♣ ♣♣..#.#.....# .#...#...#
### ♣♣#####....# .........#
#....# ##.#.##..# #....#
.........################# #....#
.......#...............#.# #....#
...###<................#.# #....#
.................#...#.#.###....#


You could see Crazy Yiuf.

Vanquished Creatures
  Robin (D:2)
  2 adders (D:2)
  A dart slug (D:1)
  3 endoplasms
  2 giant cockroaches (D:1)
  7 goblins
  2 hobgoblins (D:1)
  2 jackals (D:1)
  2 quokkas
  8 ball pythons
  7 bats
  2 frilled lizards
  A kobold (D:1)
  5 rats (D:1)
45 creatures vanquished.

Notes
Turn   | Place    | Note
-------+----------+-------------------------------------------
     0 | D:1      | Crownlay the Octopode Earth Elementalist began the quest
                  | for the Orb.
     0 | D:1      | Reached XP level 1. HP: 11/11 MP: 3/3
    84 | D:1      | Found Sax Vec's General Store.
   242 | D:1      | Reached XP level 2. HP: 17/17 MP: 3/5
   339 | D:1      | Found Ruklelap's Jewellery Boutique.
   515 | D:1      | Found Erphij's Magic Scroll Emporium.
   515 | D:1      | Found Bacs's Antique Armour Shop.
   703 | D:1      | Reached XP level 3. HP: 21/21 MP: 4/6
   767 | D:1      | Learned a level 3 spell: Stone Arrow
  1000 | D:2      | Identified the +5 dagger of Imbalance {speed, Fragile rF+
                  | rC+ MP+9 Dex+3}
  1344 | D:2      | Found a runed translucent door.
  1345 | D:2      | Noticed Crazy Yiuf
  1500 | D:2      | Reached XP level 4. HP: 27/27 MP: 8/8
  1547 | D:2      | Noticed Robin
  1554 | D:2      | Reached skill level 4 in Earth Magic
  1557 | D:2      | Killed Robin
  1956 | D:2      | Slain by Crazy Yiuf

Illustrated notes

Levels and vault maps discovered:
D:1:      saegor_arrival_simple_b, layout_loops_ring, serial_shops, shop, shop,
          shop, shop, minmay_statues_item, minmay_gold_behind_fungi,
          dk_noncrumbling_4, minmay_misc_feat_enclosed
D:2:      layout_basic, uniq_crazy_yiuf_cottage, uniq_robin

Skill      XL: |  1  2  3  4 |
---------------+-------------+-----
Spellcasting   | 3 |  3.1
Earth Magic    | 4 |  4.1
Dodging        | |  2.0
Stealth        | |  2.6
Transmutations | |  1.0
Shapeshifting  | |  0.4

Action                     |  1- 3 |  4- 6 || total
---------------------------+-------+-------++-------
  Melee: Short sword       |     7 |       ||     7
         Tentacles         |     3 |       ||     3
         Constrict         |     2 |       ||     2
   Cast: Sandblast         |    46 |    15 ||    61
         Stone Arrow       |       |     2 ||     2
 Armour: Skin              |     2 |     1 ||     3
  Dodge: Dodged            |    16 |     6 ||    22

Table legend: (Time is in decaauts)
 A = Elapsed time spent in this place.
 B = Non-inter-level travel time spent in this place.
 C = Inter-level travel time spent in this place.
 D = Time resting spent in this place.
 E = Time spent auto-exploring this place.
 F = Levels seen in this place.
 G = Mean time per level.
                   A        B        C        D        E       F      G
               +--------+--------+--------+--------+--------+-----+--------+
         Total |   1984 |   1970 |     14 |      0 |   1722 |   2 |  992.0 |
       Dungeon |   1984 |   1970 |     14 |      0 |   1722 |   2 |  992.0 |
               +--------+--------+--------+--------+--------+-----+--------+

Top non-repeatable levels by time:
     D:1: 992 daAuts
     D:2: 992 daAuts
